 Dungeon Sprint DCSS version 0.14-a0-226-gcf818b1 (console) character file.

5303 Dalvant the Scorcher (level 10, -11/54 (56) HPs)
             Began as a Deep Elf Fire Elementalist on Oct 10, 2013.
             Was an Elder of Vehumet.
             Engulfed by a cloud of foul pestilence (20 damage)
             ... in the Dungeon (Sprint II: "The Violet Keep of Menkaure").
             The game lasted 00:11:50 (1626 turns).

Dalvant the Scorcher (Deep Elf Fire Elementalist)   Turns: 1626, Time: 00:11:50

HP -11/54 (56)   AC  8     Str  5      XL: 10   Next: 32%
MP  20/41        EV 13     Int 17 (22) God: Vehumet [****..]
Gold 206         SH  0     Dex 18      Spells:  3 memorised, 27 levels left

Res.Fire  : + + .   See Invis. : .   z - +2,+1 whip (flame)
Res.Cold  : x . .   Warding    : .   k - +2 robe {rF+}
Life Prot.: . . .   Conserve   : .   (no shield)
Res.Poison: .       Res.Corr.  : .   (helmet restricted)
Res.Elec. : .       Clarity    : .   m - +0 elf cloak (curse)
Sust.Abil.: . .     Spirit.Shd : .   j - +1 pair of gloves {Dex+3}
Res.Mut.  : .       Prev.Telep.: +   r - +0 pair of elf boots
Res.Rott. : .       Flight     : .   (no amulet)
Saprovore : . . .                    E - ring of magical power
                                     l - ring of fire

@: very poisoned, slowed, very slow, somewhat resistant to hostile enchantments,
stealthy
A: antennae 1, screaming 1, Int -2
a: Renounce Religion


You were in the Dungeon.
You worshipped Vehumet.
Vehumet was greatly pleased with you.
You were very hungry.

You visited 1 branch You collected 647 gold pieces.
You spent 461 gold pieces at shops.

Inventory:

Hand weapons
 z - a +2,+1 whip of flaming (weapon)
Armour
 a - a +0 elven robe
 j - a +1 pair of gloves of dexterity (worn)
 k - a +2 robe of fire resistance (worn)
 m - a cursed +0 elven cloak (worn)
 n - a +0 helmet
 r - a +0 pair of elven boots (worn)
 u - a +0 pair of gloves
Comestibles
 c - a bread ration
 C - a pear
Scrolls
 i - a scroll of blinking
 o - a scroll of enchant armour {unknown}
 p - 3 scrolls of fog {unknown}
 q - 6 scrolls of identify {unknown}
 w - 3 scrolls of remove curse {unknown}
 y - a scroll of enchant weapon II {unknown}
 B - a scroll of recharging {unknown}
Jewellery
 l - a ring of fire (left hand)
 x - a +4 ring of intelligence
 E - a ring of magical power (right hand)
Potions
 d - 2 potions of curing
 f - a potion of speed
 g - 4 potions of magic
 h - 3 potions of restore abilities
 s - 2 potions of invisibility {unknown}
 v - 4 potions of flight {unknown}
 A - a potion of paralysis {unknown}
 D - 3 potions of resistance {unknown}
Books
 b - a book of Flames

   Spells                             Type                      Level
   *Flame Tongue                      Conjuration/Fire             1
   Throw Flame                        Conjuration/Fire             2
   Conjure Flame                      Conjuration/Fire             3
   Inner Flame                        Hexes/Fire                   3
   *Sticky Flame                      Conjuration/Fire             4
   *Fireball                          Conjuration/Fire             5


   Skills:
 - Level 6.5 Fighting
 - Level 2.4 Dodging
 + Level 7.9 Stealth
 + Level 14.2 Spellcasting
 + Level 14.6 Conjurations
 + Level 15.0 Fire Magic


You had 27 spell levels left.
You knew the following spells:

 Your Spells              Type           Power        Failure   Level  Hunger
a - Flame Tongue          Conj/Fire      #####        0%          1    None
c - Sticky Flame          Conj/Fire      #######.     1%          4    #......
v - Fireball              Conj/Fire      #######...   1%          5    ###....


Dungeon Overview and Level Annotations

Branches:
Dungeon (1/1)

Altars:
Cheibriados
Elyvilon
Fedhas
Kikubaaqudgha
Makhleb
Nemelex Xobeh
Okawaru
Sif Muna
Trog
Vehumet
Xom
Yredelemnul
Zin
the Shining One
Beogh
Jiyva
Lugonu

Shops:
D +!+[[+![(/?!%==!

Annotations:
D exclusion: oklob plant


Innate Abilities, Weirdness & Mutations

You have a pair of small antennae on your head.
You are dopey. (Int -2)
You occasionally shout uncontrollably.


Message History

You feel sick. The death drake breathes miasma at you.
The foul vapour misses you.
There is a needle trap here.
Drink which item? (? for menu, Esc to quit)
You feel much better.
You are engulfed in dark miasma.
You are more poisoned.
You feel as though you will be slow longer.
You feel sick. The death drake breathes miasma at you.
The foul vapour hits you!
You are more poisoned.
* * * LOW HITPOINT WARNING * * *
You enter the shallow water.
Moving in this stuff is going to be slow.
You are engulfed in dark miasma.
You are more poisoned.
* * * LOW HITPOINT WARNING * * *
You feel as though you will be slow longer.
You die...

### ..# ##+####.# +...#0..# #§.§########## ≈##
#§..#≈≈≈§§≈≈≈## ############≈≈#+ ##)=###########
###########≈≈≈... .. .#[§#..))....##
##....∩.∩.#≈≈≈≈.# #. §#::#([(.[..)##
##...∩.∩..#≈≈≈≈## .#### +§##§#§[#))[..((.##
##..∩.∩...#≈≈≈≈# ...# §§§#####(..)()..##
##.⌠.∩....#≈≈### ###..## #§§##.##....)[.[##
##..∩.∩...#≈##.###+# #.##..# +ll#..##....(.(.##
##...∩.∩..#≈#.#.##<###..#..# {#§§#..##...((.(.##
##....∩.∩.'≈'###'.<.'##.'..####§§##§##..(....[##
##.....∩.∩#≈#.#.##<##.#.#....###§§§#########'####+#
###########≈##.###+###%##.....§@§§§≈≈≈≈≈≈≈≈≈...≈≈≈#
##[JJ######≈≈### ###≈≈§§.§.§#§########≈###.≈≈≈#
#[.J#U ##≈≈≈# #≈≈≈§≈≈§§.≈#)...._._#§≈≈##≈≈≈#
#∩P|+$U +#≈# #≈≈§§§§≈≈.≈#...._._.#≈§≈§##### #(%.#[
≈≈ #≈≈≈≈≈§§§§≈≈#..._._._#≈≈≈≈≈## "?$ # ≈≈
≈≈≈≈§§≈§§§≈≈#.._._._.#≈§§≈≈§# +
+#≈≈≈§≈§§§§#.⌠._._..#≈§§§§≈+
##≈≈≈###§§#.._._...#§≈§≈§§# ≈≈ #≈≈#..._._..#≈§§§≈≈#
#§§#...._...#≈§≈≈### ≈§§##########≈≈≈§#≈
####{≈≈≈≈≈≈≈≈≈≈≈≈#≈≈≈ #≈########≈###### ###


You could see a death drake.

Vanquished Creatures
  A kraken (D)
  2 plague shamblers (D)
  A yaktaur (D)
  3 polar bears (D)
  A baby alligator (D)
  2 hippogriffs (D)
  Menkaure (D)
  A swamp drake (D)
  A crocodile (D)
  A yellow wasp (D)
  4 brain worms (D)
  7 big fish (D)
  4 tentacles (D)
  A tentacle segment (D)
30 creatures vanquished.

Vanquished Creatures (others)
  11 tentacles (D)
  14 tentacle segments (D)
25 creatures vanquished.

Grand Total: 55 creatures vanquished

Notes
Turn   | Place    | Note
--------------------------------------------------------------
     0 | D        | Dalvant, the Deep Elf Fire Elementalist, began the quest for the Orb.
     0 | D        | Reached XP level 1. HP: 10/10 MP: 4/4
     1 | D        | Noticed a hippogriff
     1 | D        | Noticed a hippogriff
     5 | D        | Noticed a brain worm
    22 | D        | Killed a brain worm
    22 | D        | Reached skill level 6 in Fire Magic
    22 | D        | Reached XP level 2. HP: 8/15 MP: 0/7
    22 | D        | Reached XP level 3. HP: 10/20 MP: 0/9
    22 | D        | Reached XP level 4. HP: 12/24 MP: 0/12
   206 | D        | Learned a level 4 spell: Sticky Flame
   210 | D        | Noticed a brain worm
   215 | D        | Killed a brain worm
   215 | D        | Reached skill level 8 in Fire Magic
   215 | D        | Reached XP level 5. HP: 22/29 MP: 8/15
   297 | D        | Learned a level 5 spell: Fireball
   297 | D        | Noticed a brain worm
   297 | D        | Noticed a brain worm
   303 | D        | Killed a brain worm
   303 | D        | Reached skill level 5 in Stealth
   303 | D        | Reached skill level 5 in Conjurations
   303 | D        | Reached skill level 9 in Fire Magic
   311 | D        | Killed a brain worm
   311 | D        | Reached XP level 6. HP: 15/35 MP: 4/19
   514 | D        | Killed a hippogriff
   514 | D        | Reached skill level 5 in Fighting
   514 | D        | Reached skill level 5 in Spellcasting
   514 | D        | Reached skill level 10 in Fire Magic
   520 | D        | Killed a hippogriff
   520 | D        | Reached skill level 11 in Fire Magic
   520 | D        | Reached XP level 7. HP: 18/40 MP: 7/22
   559 | D        | Found Waex's Distillery.
   560 | D        | Found Cladghuag's Jewellery Shop.
   560 | D        | Found Wagaluj's Magic Scroll Shop.
   560 | D        | Found Amasch's Antique Armour Shop.
   560 | D        | Found Ghaphe's Antique Armour Shop.
   560 | D        | Found Shriti's Antique Weapon Boutique.
   560 | D        | Found Khupraff's Book Boutique.
   560 | D        | Found Xodot's Distillery.
   560 | D        | Found Ytuunei's Food Boutique.
   561 | D        | Found Useyraat's Book Shop.
   561 | D        | Found Qumeschu Feol's Magical Wand Shop.
   561 | D        | Found Goysastech's Jewellery Boutique.
   561 | D        | Noticed a pulsating lump
   563 | D        | Found Rizeibb's Distillery.
   563 | D        | Found Pluugutzu's Antique Armour Boutique.
   563 | D        | Found Afig Ilu's Distillery.
   563 | D        | Noticed Menkaure
   563 | D        | Noticed a pulsating lump
   563 | D        | Noticed a pulsating lump
   564 | D        | Noticed an oklob plant
   575 | D        | Killed Menkaure
   579 | D        | Found Coushaddum's Book Shoppe.
   583 | D        | Bought a potion of restore abilities for 30 gold pieces
   585 | D        | Noticed an iron elemental
   591 | D        | Noticed a grizzly bear
   596 | D        | Bought a pair of runed gloves for 25 gold pieces
   602 | D        | Bought a glowing robe for 15 gold pieces
   612 | D        | Bought an uncursed ring of fire for 280 gold pieces
   627 | D        | Noticed a grizzly bear
   631 | D        | Bought an elven cloak for 26 gold pieces
   634 | D        | Bought a helmet for 55 gold pieces
   639 | D        | Bought a potion of mutation for 30 gold pieces
   640 | D        | Gained mutation: You have a pair of small antennae on your head. [potion of mutation]
   640 | D        | Gained mutation: You occasionally shout uncontrollably. [potion of mutation]
   640 | D        | Gained mutation: You are dopey. (Int -2) [potion of mutation]
   694 | D        | Found a white marble altar of Elyvilon.
   694 | D        | Found a deep blue altar of Sif Muna.
   695 | D        | Found a radiant altar of Vehumet.
   696 | D        | Noticed a crocodile
   697 | D        | Noticed a baby alligator
   697 | D        | Noticed a big fish
   698 | D        | Noticed a big fish
   705 | D        | Killed a baby alligator
   705 | D        | Reached skill level 12 in Fire Magic
   707 | D        | Killed a crocodile
   826 | D        | Found a snail-covered altar of Cheibriados.
   826 | D        | Found a glowing golden altar of the Shining One.
   826 | D        | Found a glowing silver altar of Zin.
   826 | D        | Found a viscous altar of Jiyva.
   827 | D        | Found a bloodstained altar of Trog.
   828 | D        | Found a basalt altar of Yredelemnul.
   830 | D        | Found a corrupted altar of Lugonu.
   830 | D        | Found a blossoming altar of Fedhas.
   830 | D        | Found a sparkling altar of Nemelex Xobeh.
   830 | D        | Found an ancient bone altar of Kikubaaqudgha.
   830 | D        | Found a roughly hewn altar of Beogh.
   830 | D        | Found a shimmering altar of Xom.
   830 | D        | Noticed a yellow wasp
   830 | D        | Noticed a polar bear
   831 | D        | Noticed a polar bear
   831 | D        | Noticed a polar bear
   831 | D        | Found a burning altar of Makhleb.
   831 | D        | Found an iron altar of Okawaru.
   831 | D        | Noticed a yaktaur
   831 | D        | Noticed a big fish
   833 | D        | Noticed a big fish
   834 | D        | Noticed a big fish
   835 | D        | Became a worshipper of Vehumet
   847 | D        | Noticed a big fish
   848 | D        | Killed a polar bear
   848 | D        | Reached XP level 8. HP: 27/46 MP: 1/26
   851 | D        | Killed a polar bear
   851 | D        | Reached skill level 10 in Conjurations
   852 | D        | Killed a yellow wasp
   852 | D        | Acquired Vehumet's first power
   852 | D        | Offered knowledge of Sting by Vehumet.
   853 | D        | Killed a yaktaur
   853 | D        | Reached skill level 10 in Spellcasting
   853 | D        | Killed a polar bear
   853 | D        | Reached skill level 13 in Fire Magic
   892 | D        | Killed a big fish
   893 | D        | Killed a big fish
   893 | D        | Reached XP level 9. HP: 31/51 MP: 17/29
   957 | D        | Noticed a big fish
  1024 | D        | Killed a big fish
  1024 | D        | Offered knowledge of Searing Ray by Vehumet.
  1029 | D        | Killed a big fish
  1112 | D        | Noticed a kraken
  1243 | D        | Killed a big fish
  1243 | D        | Offered knowledge of Dazzling Spray by Vehumet.
  1243 | D        | Acquired Vehumet's second power
  1262 | D        | Noticed a big fish
  1265 | D        | Killed a kraken
  1265 | D        | Reached skill level 14 in Fire Magic
  1386 | D        | Killed a big fish
  1387 | D        | Killed a big fish
  1397 | D        | Noticed a shark
  1617 | D        | Noticed a death drake
  1617 | D        | Noticed a plague shambler
  1618 | D        | Killed a swamp drake
  1618 | D        | Offered knowledge of Stone Arrow by Vehumet.
  1618 | D        | Acquired Vehumet's third power
  1618 | D        | Reached XP level 10. HP: 56/56 MP: 32/32
  1619 | D        | Noticed a plague shambler
  1620 | D        | Noticed a death drake
  1622 | D        | Killed a plague shambler
  1623 | D        | Killed a plague shambler
  1623 | D        | Reached skill level 15 in Fire Magic
  1626 | D        | Engulfed by a cloud of foul pestilence

Action                   |  1- 3 |  4- 6 |  7- 9 | 10-12 || total
-------------------------+-------+-------+-------+-------++-------
Melee: Unarmed           |     5 |       |     1 |       ||     6
 Cast: Flame Tongue      |     5 |    23 |    22 |       ||    50
       Sticky Flame      |       |     2 |     5 |       ||     7
       Fireball          |       |       |    18 |     6 ||    24
  Use: Potion            |     1 |       |     2 |     1 ||     4
